 Seeded DCSS version 0.28.0-53-g5a82cb258f (webtiles) character file.

Game seed: 20220609 (custom seed)

9 Zeld the Skirmisher (level 2, 18/27 HPs)
             Began as a Minotaur Berserker on June 9, 2022.
             Was a Follower of Trog.
             Quit the game on level 1 of the Dungeon.
             The game lasted 00:00:07 (31 turns).

Zeld the Skirmisher (Minotaur Berserker)              Turns: 31, Time: 00:00:07

Health: 18/27      AC:  2    Str: 21    XL:     2   Next: 6%
Magic:  1/1        EV: 12    Int:  4    God:    Trog [*.....]
Gold:   0          SH:  0    Dex:  9    Spells: 1/1 levels left

rFire   . . .      SeeInvis .   a - +0 hand axe
rCold   . . .      Faith    .   (no shield)
rNeg    . . .      Spirit   .   b - +0 animal skin
rPois   .          Reflect  .   (helmet restricted)
rElec   .          Harm     .   (no cloak)
rCorr   .          Rampage  .   (no gloves)
Will    .....                   (no boots)
Stlth   +.........              (no amulet)
HPRegen 0.09/turn               (no ring)
MPRegen 0.07/turn               (no ring)

@: no status effects
A: horns 2, retaliatory headbutt
a: Renounce Religion, Berserk


You were on level 1 of the Dungeon.
You worshipped Trog.
Trog was aware of your devotion.
You visited 1 branch of the dungeon, and saw 1 of its levels.

Inventory:

Hand Weapons
 a - a +0 hand axe (weapon)
Armour
 b - a +0 animal skin (worn)
Scrolls
 c - a scroll of acquirement {unknown}


   Skills:
 * Level 3.9 Fighting
 * Level 3.9 Axes
 + Level 2.6 Armour
 + Level 2.3 Dodging


You had one spell level left.
You didn't know any spells.
Your spell library was empty.

Dungeon Overview and Level Annotations

Branches:
Dungeon (1/15)

Altars:


Innate Abilities, Weirdness & Mutations

You have a pair of horns on your head.
You reflexively headbutt those who attack you in melee.


Message History

Options error: Bad colour -- =-1 or "white"=-1 (~/.crawlrc:24) Welcome, Zeld the Minotaur Berserker.
Game seed: 20220609 (custom seed); Trog says: Kill them all!
Press ? for a list of commands and other information.
Found 11 stones.
Found an escape hatch in the floor.
Found a staircase leading out of the dungeon.
Adjust (i)tems, (s)pells, or (a)bilities?
Huh?
There is a dry fountain here.
c - a scroll labelled YPNOPSI MAUPU No target in view!
A gnoll comes into view. It is wielding a +0 spear.
The gnoll shouts!
Are you sure you want to abandon this character and quit the game? (Confirm with "yes".)
Okay, then.
A bat comes into view.
A quokka comes into view.
The gnoll barely misses you.
You closely miss the gnoll. The gnoll closely misses you.
You hit the gnoll. You headbutt the gnoll!
The gnoll is severely wounded.
The gnoll hits you with a +0 spear.
You hit the gnoll.
You kill the gnoll!
Trog accepts your kill.
You have reached level 2!
You hit the bat but do no damage. The bat barely misses you.
The bat closely misses you. x2
You see here a +0 spear.
The bat hits you but does no damage. The bat hits you but does no damage.
The bat barely misses you.
You barely miss the bat. The bat hits you but does no damage. x2
Unknown command.
The bat hits you.
You hit the bat but do no damage. The bat barely misses you.
You furiously retaliate!
You headbutt the bat.
Are you sure you want to abandon this character and quit the game? (Confirm with "yes".)

#.# .# ≈r#.# .# ≈≈≈.#
.# ###.#.# .# ...#.#
.# ##.#.##.##
#....#...##
#...b.@...##
#..)..........
########.############
......$...........##
........⌠..........#
....⌠.......⌠......#
..................##
..⌠.(.⌠...⌠...⌠..##
#...............##


You could see a bat.

Vanquished Creatures
  A gnoll (D:1)
1 creature vanquished.

Notes
Turn   | Place    | Note
-------+----------+-------------------------------------------
     0 | D:1      | Zeld the Minotaur Berserker began the quest for the Orb.
     0 | D:1      | Reached XP level 1. HP: 19/19 MP: 0/0
    23 | D:1      | Reached XP level 2. HP: 19/27 MP: 1/1
    31 | D:1      | Quit the game

Illustrated notes

Levels and vault maps discovered:
D:1:      dpeg_arrival_lava_temple_mockup, layout_loops_ring, serial_rivers,
          chequers_serial_rivers_large_a, chequers_serial_rivers_small_a,
          chequers_serial_rivers_micro_c, chequers_serial_rivers_micro_a

Action                   || total
-------------------------++-------
Melee: Hand axe          ||     6
       Headbutt          ||     1
Armor: Animal skin       ||     4
Dodge: Dodged            ||     7
